 Dungeon Crawl Stone Soup version 0.31-a0-1074-g0b22e4e0f1 (webtiles) character file.

Game seed: 12120105199126179336

1444 whatisthis the Frost Mage (level 8, -3/65 HPs)
             Began as a Merfolk Ice Elementalist on Dec 1, 2023.
             Was a Follower of Vehumet.
             Slain by an ice beast (7 damage)
             ... on level 6 of the Dungeon.
             The game lasted 00:22:28 (5784 turns).

whatisthis the Frost Mage (MfIE)                    Turns: 5784, Time: 00:22:28

Health: -3/65      AC:  4    Str:  8    XL:     8   Next: 74%
Magic:  4/5        EV: 12    Int: 20    God:    Vehumet [*.....]
Gold:   338        SH:  0    Dex: 14    Spells: 10/18 levels left

rFire   x . .        x - +7 dagger of Bodily Harmony {antimagic, Int+3}
rCold   + . .        (no shield)
rNeg    . . .        a - +0 robe
rPois   .            y - +0 helmet
rElec   .            (no cloak)
rCorr   .            n - +0 pair of gloves
SInv    .            (no boots)
Will    +....        q - amulet of magic regeneration
Stlth   ++           c - ring of willpower
HPRegen 0.30/turn    F - ring of ice
MPRegen 0.49/turn

%: no passive effects
@: no status effects
A: (nimble swimmer 2), mertail
a: Renounce Religion


You were on level 6 of the Dungeon.
You worshipped Vehumet.
Vehumet was aware of your devotion.
You visited 2 branches of the dungeon, and saw 8 of its levels.
You also visited: Ossuary.

You collected 338 gold pieces.

Inventory:

Hand Weapons
 m - a +2 dagger of venom
 x - the +7 dagger of Bodily Harmony (weapon) {antimagic, Int+3}
   (You found it on level 3 of the Dungeon)

   Int+3:     It affects your intelligence (+3).
 G - a +0 halberd
Missiles
 g - 6 boomerangs
 p - 4 datura-tipped darts
 r - 5 javelins
 s - 43 stones
 u - 7 poisoned darts
 B - a throwing net (quivered)
Armour
 a - a +0 robe (worn)
 n - a +0 pair of gloves (worn)
 y - a +0 helmet (worn)
 H - the +1 chain mail "Nemu" {rN+ Int+2}
   (You found it in an ossuary)

   Int+2:     It affects your intelligence (+2).
   rN+:       It protects you from negative energy.
Jewellery
 c - a ring of willpower (left hand)
 q - an amulet of magic regeneration (around neck)
 F - a ring of ice (right hand)
Scrolls
 f - 5 scrolls of teleportation {unknown}
 h - 3 scrolls of revelation {unknown}
 k - 3 scrolls of identify {unknown}
 l - 3 scrolls of blinking {unknown}
 z - a scroll of silence {unknown}
 A - a scroll of enchant armour {unknown}
 C - a scroll of fear {unknown}
 D - a scroll of brand weapon {unknown}
Potions
 b - a potion of magic
 d - 2 potions of heal wounds {unknown}
 e - a potion of degeneration {unknown}
 i - 5 potions of haste {unknown}
 j - 4 potions of curing {unknown}
 o - a potion of invisibility {unknown}
 t - 3 potions of might {unknown}
 v - 2 potions of lignification {unknown}
 w - 2 potions of attraction {unknown}
 E - a potion of enlightenment {unknown}
 I - a potion of mutation {unknown}


   Skills:
 + Level 6.5 Fighting
 - Level 2.6 Dodging
 - Level 2.1 Stealth
 + Level 5.8 Spellcasting
 + Level 8.0 Ice Magic


You had 10 spell levels left.
You knew the following spells:

 Your Spells              Type           Power      Damage    Failure   Level
a - Freeze                Ice            100%       1d10      1%          1
b - Frozen Ramparts       Ice            100%       1d16      1%          3
c - Ozocubu's Armour      Ice            54%        N/A       1%          3
d - Foxfire               Conj/Fire      20%        2x1d5     11%         1

Your spell library contained the following spells:

 Spells                   Type           Power      Damage    Failure   Level
 Kiss of Death            Conj/Necr      20%        2d7       11%         1
 Ensorcelled Hibernation  Hex/Ice        64%        N/A       3%          2
 Shock                    Conj/Air       20%        1d4       11%         1
 Jinxbite                 Hex            10%        N/A       16%         2
 Poisonous Vapours        Pois/Air       10%        N/A       16%         2
 Summon Ice Beast         Ice/Summ       32%        N/A       21%         4
 Mephitic Cloud           Conj/Pois/Air  5%         N/A       32%         3
 Swiftness                Air            5%         N/A       32%         3
 Freezing Cloud           Conj/Ice/Air   12%        6-21      69%         5
 Airstrike                Air            2%         2d(1-17)  71%         4
 Anguish                  Hex/Necr       2%         N/A       71%         4


Dungeon Overview and Level Annotations

Branches:
Dungeon (7/15)             Temple (1/1) D:5         Ossuary (visited)

Altars:
Ashenzari
Cheibriados
Dithmenos
Fedhas
Gozag
Kikubaaqudgha
Makhleb
Nemelex Xobeh
Okawaru
Qazlal
Ru
Sif Muna
Uskayaw
Vehumet
Wu Jian
Xom
Yredelemnul
Zin
The Shining One

Annotations:
D:4 1 runed translucent door, Crazy Yiuf
D:5 2 transporters, Pokonic1's ghost, amateur DsFE


Innate Abilities, Weirdness & Mutations

((You are very nimble when in or above water. (Stealth+, EV+, Speed+++)))
Your lower body shifts to a powerful aquatic tail in water.


Message History

Your foxfire dissipates!
Casting: Foxfire (safe; 11% risk of failure)
Confirm with . or Enter, or press ? or * to list all spells.
You conjure some foxfire!
The ice beast misses you.
Your foxfire dissipates!
The foxfire hits the ice beast but does no damage.
The ice beast is severely wounded.
There is an open door here.
Casting: Foxfire (safe; 11% risk of failure)
Confirm with . or Enter, or press ? or * to list all spells.
You conjure some foxfire!
The ice beast hits you.
* * * LOW HITPOINT WARNING * * *
The ice beast freezes you!
* * * LOW HITPOINT WARNING * * *
Your foxfire dissipates!
Casting: Foxfire (safe; 11% risk of failure)
Confirm with . or Enter, or press ? or * to list all spells.
You conjure some foxfire!
The ice beast hits you but does no damage.
Your foxfire dissipates!
The foxfire hits the ice beast.
The ice beast is severely wounded.
There is a collapsed entrance here.
Casting: Foxfire (safe; 11% risk of failure)
Confirm with . or Enter, or press ? or * to list all spells.
You conjure some foxfire!
The ice beast hits you but does no damage.
Your foxfire dissipates!
The foxfire hits the ice beast but does no damage.
The ice beast is severely wounded.
Okay, then.
You feel more attuned to ice.
F - a ring of ice (right hand)
The ice beast misses you.
Casting: Foxfire (safe; 11% risk of failure)
Confirm with . or Enter, or press ? or * to list all spells.
You conjure some foxfire!
The ice beast hits you.
* * * LOW HITPOINT WARNING * * *
The ice beast freezes you! You resist.
You die...

..?...##.##.###.###.####.....##..
.........##.##v## ##.............
..............## ##.##.....##..
.........#####.# #.###.....##[#
.........# #.v# ### #.#.####.#
.........# #'#### ##+ #.#.####.#
....#....# ##...#...#...#.......
....)....# #.Yv#.>.#####.......
.........# #.v@#...# ######.#
....#....# ######### #.#
...###...#####...#...# #># ..##
##....b##.>.#.>.# #######.#
...###.#####.#...#...# #.......#
.##.#.## #b(#######+# #.#######
.......## #..#######.###.#
†.......####..............#
.#####.............########


You could see an ice beast (ally target).

Vanquished Creatures
  Eustachio (D:6)
  2 black bears
  An ogre (D:5)
  A gnoll sergeant (D:5)
  A scorpion (D:6)
  A howler monkey (D:5)
  A jelly (D:4)
  2 hounds
  A human zombie (Ossuary)
  2 orc priests (D:5)
  A gnoll bouda (D:6)
  4 sleepcaps
  An iguana (D:5)
  Natasha (thrice) (D:3)
  An orc wizard (D:4)
  2 hound zombies (Ossuary)
  4 mummies (Ossuary)
  Robin (D:3)
  16 gnolls
  7 adders
  A shadow imp (D:5)
  6 ufetubi
  A worm (D:3)
  3 dart slugs
  14 orcs
  A bat (D:1)
  7 endoplasms
  2 giant cockroaches
  6 hobgoblins
  2 quokkas
  3 ball pythons
  3 frilled lizards
  12 goblins
  2 hobgoblin zombies (Ossuary)
  2 jackal zombies (Ossuary)
  8 kobolds
  4 kobold zombies (Ossuary)
  An orc zombie (Ossuary)
  3 rats
134 creatures vanquished.

Vanquished Creatures (others)
  47 foxfires
47 creatures vanquished.

Grand Total: 181 creatures vanquished

Notes
Turn   | Place    | Note
-------+----------+-------------------------------------------
     0 | D:1      | whatisthis the Merfolk Ice Elementalist began the quest for
                  | the Orb.
     0 | D:1      | Reached XP level 1. HP: 13/13 MP: 3/3
   127 | D:1      | Found a faded altar of an unknown god.
   169 | D:1      | Reached XP level 2. HP: 20/20 MP: 3/5
   234 | D:1      | Reached skill level 1 in Fighting
   879 | D:2      | Reached XP level 3. HP: 26/26 MP: 4/6
   883 | D:2      | Learned a level 3 spell: Frozen Ramparts
  1013 | D:2      | Identified the +10 plate armour of Focus {rElec Regen+
                  | Dex+3}
  1289 | D:2      | Reached skill level 5 in Ice Magic
  1289 | D:2      | Reached XP level 4. HP: 28/33 MP: 6/8
  1502 | D:2      | Identified the +2 leather armour of Proximity {Rampage
                  | rElec Str-5 Int+3}
  1685 | D:3      | Identified the +7 dagger of Bodily Harmony {antimagic,
                  | Int+3}
  1780 | D:3      | Noticed Natasha
  1785 | D:3      | Noticed Robin
  1786 | D:3      | Killed Natasha
  1802 | D:3      | Killed Robin
  1803 | D:3      | Reached XP level 5. HP: 25/39 MP: 6/9
  1874 | D:3      | Noticed Natasha
  1902 | D:3      | Killed Natasha
  1946 | D:3      | Learned a level 3 spell: Ozocubu's Armour
  2310 | D:3      | Noticed Natasha
  2315 | D:3      | Killed Natasha
  2725 | D:4      | Reached XP level 6. HP: 44/47 MP: 9/11
  3133 | D:4      | Found a runed translucent door.
  3134 | D:4      | Noticed Crazy Yiuf
  3218 | D:4      | Reached skill level 6 in Ice Magic
  3750 | D:5      | Entered Level 5 of the Dungeon
  3765 | D:5      | Found a radiant altar of Vehumet.
  3775 | D:5      | Reached XP level 7. HP: 7/54 MP: 7/13
  3945 | D:5      | Became a worshipper of Vehumet
  4196 | D:5      | Found a transporter.
  4248 | D:5      | Noticed Pokonic1's ghost (amateur DsFE)
  4259 | D:5      | Found a transporter.
  4390 | D:5      | Found a staircase to the Ecumenical Temple.
  4491 | D:5      | Reached skill level 5 in Fighting
  4510 | D:5      | Reached skill level 7 in Ice Magic
  4511 | D:5      | Reached XP level 8. HP: 49/62 MP: 15/15
  4520 | D:5      | Reached skill level 5 in Spellcasting
  4894 | Temple   | Entered the Ecumenical Temple
  4979 | D:6      | Reached * piety under Vehumet
  4979 | D:6      | Offered knowledge of Foxfire by Vehumet.
  5077 | D:6      | Noticed Eustachio
  5380 | D:6      | Found a sand-covered staircase.
  5384 | Ossuary  | Entered an ossuary
  5463 | Ossuary  | Learned a level 1 spell: Foxfire
  5580 | Ossuary  | Identified the +1 chain mail "Nemu" {rN+ Int+2}
  5606 | Ossuary  | Offered knowledge of Kiss of Death by Vehumet.
  5748 | D:6      | Killed Eustachio
  5749 | D:6      | Reached skill level 8 in Ice Magic
  5784 | D:6      | Slain by an ice beast

Illustrated notes

Levels and vault maps discovered:
D:1:      minmay_arrival_stair_chambers, layout_basic,
          ebering_ecumenical_altar_webs, minivault_27, minivault_26
D:2:      layout_basic, minmay_misc_feat_chi, hangedman_decor_riveting
D:3:      layout_basic, hex_tiny, uniq_natasha, uniq_robin
D:4:      layout_basic, uniq_crazy_yiuf_cottage
D:5:      nicolae_cairo_tiling_very_big, layout_loops_ring,
          nicolae_vehumet_radiance, minmay_temple_entry_slanted,
          gammafunk_ghost_hive
D:6:      layout_loops_ring, mainiacjoe_overflow_tiny_flanked,
          nicolae_ossuary_entry_false_entrances, uniq_eustachio
D:7:      layout_basic, serial_shops, shop, uniq_pikel
Temple:   eino_narrow_crystal_temple

Skill      XL: |  1  2  3  4  5  6  7  8 |
---------------+-------------------------+-----
Fighting       | 1 2 3 4 5 6 |  6.5
Ice Magic      | 5 6 7 8 |  8.0
Spellcasting   | 3 4 5 |  5.8
Dodging        | |  2.6
Stealth        | |  2.1

Action                     |  1- 3 |  4- 6 |  7- 9 || total
---------------------------+-------+-------+-------++-------
  Melee: Spear             |    23 |       |       ||    23
         Dagger            |    21 |    91 |    61 ||   173
         Halberd           |       |       |    32 ||    32
         Punch             |       |       |     2 ||     2
  Throw: Stone             |       |     1 |       ||     1
         Throwing net      |       |       |     1 ||     1
   Cast: Freeze            |    29 |     3 |       ||    32
         Frozen Ramparts   |     2 |    22 |    26 ||    50
         Ozocubu's Armour  |       |     3 |     6 ||     9
         Foxfire           |       |       |    33 ||    33
   Stab: Sleeping          |     4 |     3 |       ||     7
 Armour: Robe              |    26 |    52 |   129 ||   207
  Dodge: Dodged            |    27 |    49 |   118 ||   194

Table legend: (Time is in decaauts)
 A = Elapsed time spent in this place.
 B = Non-inter-level travel time spent in this place.
 C = Inter-level travel time spent in this place.
 D = Time resting spent in this place.
 E = Time spent auto-exploring this place.
 F = Levels seen in this place.
 G = Mean time per level.
                   A        B        C        D        E       F      G
               +--------+--------+--------+--------+--------+-----+--------+
         Total |   5796 |   5593 |    203 |    978 |   2901 |   9 |  644.0 |
       Dungeon |   5449 |   5246 |    203 |    868 |   2901 |   7 |  778.4 |
        Temple |      1 |      1 |      0 |      0 |      0 |   1 |    1.0 |
       Ossuary |    345 |    345 |      0 |    110 |      0 |   1 |  345.0 |
               +--------+--------+--------+--------+--------+-----+--------+

Top non-repeatable levels by time:
     D:5: 1116 daAuts
     D:4: 1114 daAuts
     D:3: 1077 daAuts
     D:1: 866 daAuts
     D:2: 732 daAuts
     D:6: 355 daAuts
 Ossuary: 345 daAuts
     D:7: 185 daAuts
  Temple: 1 daAuts
